 Dungeon Crawl Stone Soup version 0.27-a0-1242-ge70438ac7b (webtiles) character file.

Game seed: 17062264245168736060

379 EiAlmux the Purveyor of Pain (level 6, -1/32 HPs)
             Began as a Deep Elf Necromancer on June 9, 2021.
             Was an Initiate of Kikubaaqudgha.
             Succumbed to a killer bee's poison
             ... on level 5 of the Dungeon.
             The game lasted 00:19:16 (5721 turns).

EiAlmux the Purveyor of Pain (Deep Elf Necromancer) Turns: 5721, Time: 00:19:17

Health: -1/32      AC:  3    Str:  5    XL:     6   Next: 45%
Magic:  10/16      EV: 12    Int: 22    God:    Kikubaaqudgha [......]
Gold:   229        SH:  0    Dex: 15    Spells: 7/16 levels left

rFire    . . .     SeeInvis .   o - staff of death
rCold    . . .     Faith    .   (no shield)
rNeg     + . .     Spirit   .   a - +0 robe
rPois    .         Reflect  .   (no helmet)
rElec    .         Harm     .   (no cloak)
rCorr    +         Rampage  .   r - +0 pair of gloves
Will     .....                  (no boots)
Stlth    +++.......             (no amulet)
HPRegen  0.10/turn              n - ring of resist corrosion
MPRegen  0.15/turn              (no ring)

@: lethally poisoned (-1 -> -11)
A: no striking features
a: Renounce Religion


You were on level 5 of the Dungeon.
You worshipped Kikubaaqudgha.
Kikubaaqudgha was noncommittal.
You visited 2 branches of the dungeon, and saw 6 of its levels.

You collected 229 gold pieces.

Inventory:

Hand Weapons
 f - a +0 dagger
 i - a +0 dagger of protection
Missiles
 g - 23 stones (quivered)
 u - 2 atropa-tipped darts
Armour
 a - a +0 robe (worn)
 r - a +0 pair of gloves (worn)
Magical Staves
 o - a staff of death (weapon)
Jewellery
 n - a ring of resist corrosion (left hand)
Wands
 t - a wand of iceblast (9)
Scrolls
 b - 6 scrolls of identify {unknown}
 d - 3 scrolls of teleportation {unknown}
 h - a scroll of fear {unknown}
 j - 2 scrolls of enchant weapon {unknown}
 l - 2 scrolls of noise {unknown}
 p - a scroll of amnesia {unknown}
 q - a scroll of summoning {unknown}
Potions
 c - 8 potions of curing {unknown}
 e - a potion of haste {unknown}
 k - a potion of invisibility {unknown}
 m - 2 potions of ambrosia {unknown}
 s - 2 potions of might {unknown}


   Skills:
 - Level 2.4 Dodging
 - Level 5.0 Stealth
 + Level 5.7 Spellcasting
 - Level 1.0 Conjurations
 - Level 2.0 Hexes
 + Level 6.6 Necromancy


You had 7 spell levels left.
You knew the following spells:

 Your Spells              Type           Power      Damage    Failure   Level
a - Pain                  Necr           100%       1d9       1%          1
b - Animate Skeleton      Necr           100%       N/A       1%          1
c - Vampiric Draining     Necr           26%        2d9       1%          3
d - Animate Dead          Necr           26%        N/A       6%          4

Your spell library contained the following spells:

 Spells                   Type           Power      Damage    Failure   Level
 Magic Dart               Conj           40%        1d5       6%          1
 Searing Ray              Conj           20%        3d3       10%         2
 Dazzling Flash           Conj/Hex       24%        N/A       16%         3
 Agony                    Necr           52%        N/A       17%         5
 Fulminant Prism          Conj/Hex       6%         3d7       45%         4
 Iskenderun's Mystic Bla  Conj/Tloc      8%         2d4       58%         4


Dungeon Overview and Level Annotations

Branches:
Dungeon (5/15)             Temple (1/1) D:4

Altars:
Ashenzari
Cheibriados
Dithmenos
Elyvilon
Fedhas
Gozag
Hepliaklqana
Kikubaaqudgha
Makhleb
Nemelex Xobeh
Okawaru
Qazlal
Ru
Sif Muna
Trog
Uskayaw
Vehumet
Wu Jian
Xom
Yredelemnul
Zin
The Shining One


Message History

There is a stone staircase leading up here.
You hit the phantom but do no damage. The phantom closely misses you.
You barely miss the phantom. The phantom hits you!
The phantom blinks!
You blink. 2 killer bees come into view.
You are too injured to fight recklessly!
You are too injured to fight recklessly!
Okay, then.
n - a ring of resist corrosion (left hand)
The phantom hits you.
The phantom blinks!
You blink. 3 killer bees come into view.
The killer bee buzzes angrily. x3; You hear an angry buzzing noise.
The killer bee moves out of view.
The phantom hits you. The killer bee stings you!
* * * LOW HITPOINT WARNING * * *
Casting: Animate Skeleton (safe; 1% risk of failure)
Confirm with . or Enter, or press ? or * to list all spells.
Aiming: Vampiric Draining (safe; 1% risk of failure)
Press: ? - help, Shift-Dir - straight line, f - killer bee
Aim: a killer bee You feel a surge of power!
You draw life force from the killer bee!
You feel life coursing into your body! The killer bee stings you.
* * * LOW HITPOINT WARNING * * *
You are lethally poisoned!
The killer bee poisons you! The killer bee stings you!
* * * LOW HITPOINT WARNING * * *
Casting: Vampiric Draining (safe; 1% risk of failure)
Confirm with . or Enter, or press ? or * to list all spells.
Aiming: Vampiric Draining (safe; 1% risk of failure)
Press: ? - help, Shift-Dir - straight line, f/p - killer bee
Aim: a killer bee (almost dead)
You feel a surge of power!
You draw life force from the killer bee.
You kill the killer bee!
Kikubaaqudgha accepts your kill.
You feel life coursing into your body.
You die...
Kikubaaqudgha rasps: "You have failed me!
Welcome... death!"

.... .... .....
... ...#
###+#.###
#.......#
#.#.#@#
#.#.#†###
#.#...yyW.####
#.#..........#
#5#.(.....##.#
#.#.#.....y. #
#.#.#........#
#.#............
#...?.######.###


You could see a phantom and 3 killer bees.

Vanquished Creatures
  A black bear (D:4)
  A scorpion (D:4)
  A killer bee (D:5)
  A jelly (D:4)
  An orc priest (D:3)
  5 adders
  An adder zombie (D:4)
  An adder skeleton (D:4)
  4 worms
  2 dart slugs
  6 orcs
  2 bats
  10 endoplasms
  A giant cockroach (D:4)
  5 hobgoblins
  4 jackals
  8 kobolds
  6 quokkas
  3 ball pythons (D:1)
  4 frilled lizards
  8 goblins
  6 rats
81 creatures vanquished.

Vanquished Creatures (collateral kills)
  A centaur skeleton (D:4)
1 creature vanquished.

Vanquished Creatures (others)
  A scorpion (D:4)
  A hound (D:4)
  An orc (D:4)
  A giant cockroach (D:4)
  A hobgoblin (D:4)
5 creatures vanquished.

Grand Total: 87 creatures vanquished

Notes
Turn   | Place    | Note
-------+----------+-------------------------------------------
     0 | D:1      | EiAlmux the Deep Elf Necromancer began the quest for the
                  | Orb.
     0 | D:1      | Reached XP level 1. HP: 10/10 MP: 6/6
   348 | D:1      | Reached skill level 5 in Necromancy
   486 | D:1      | Reached XP level 2. HP: 9/15 MP: 2/8
   615 | D:1      | Learned a level 1 spell: Animate Skeleton
  1247 | D:2      | Reached XP level 3. HP: 13/19 MP: 3/10
  1251 | D:2      | Learned a level 3 spell: Vampiric Draining
  1898 | D:2      | Found a faded altar of an unknown god.
  1934 | D:2      | Reached skill level 1 in Hexes
  2360 | D:2      | Reached skill level 1 in Conjurations
  2667 | D:2      | Reached XP level 4. HP: 20/24 MP: 7/12
  3556 | D:4      | Killed a scorpion
  3560 | D:4      | Noticed a phantom
  3758 | D:4      | Learned a level 4 spell: Animate Dead
  3820 | D:4      | Found a staircase to the Ecumenical Temple.
  3833 | D:4      | Noticed a black bear
  3835 | D:4      | Reached XP level 5. HP: 24/28 MP: 8/13
  3836 | Temple   | Entered the Ecumenical Temple
  4186 | Temple   | Became a worshipper of Kikubaaqudgha
  4226 | D:4      | Killed a black bear
  4227 | D:4      | Reached skill level 5 in Spellcasting
  4227 | D:4      | Reached skill level 6 in Necromancy
  4386 | D:3      | Reached XP level 6. HP: 19/32 MP: 2/15
  4853 | D:4      | Reached skill level 5 in Stealth
  5206 | D:4      | Found a shimmering altar of Xom.
  5713 | D:5      | Entered Level 5 of the Dungeon
  5720 | D:5      | HP: 1/32 [killer bee (8)]
  5721 | D:5      | Succumbed to a killer bee's poison

Illustrated notes

Levels and vault maps discovered:
D:1:      lightli_arrival_flooded_house, layout_rooms
D:2:      layout_basic, hellmonk_ecumenical_altar_slurped_away,
          minmay_misc_feat_cross, st_stairs_6
D:3:      layout_basic, kennysheep_decorative_pillar, minmay_misc_feat_alley,
          minmay_misc_feat_x, nrook_mini_backslash
D:4:      layout_gridville, xom_confusion_cloud, minmay_temple_entry_tees,
          uniq_pikel
D:5:      layout_basic, serial_shops, shop
Temple:   nicolae_temple_the_god_donut

Skill      XL: |  1  2  3  4  5  6 |
---------------+-------------------+-----
Necromancy     | 5 6 |  6.6
Stealth        | 3 4 5 |  5.0
Hexes          | 1 2 |  2.0
Conjurations   | 1 |  1.0
Spellcasting   | 4 5 |  5.7
Dodging        | |  2.4

Action                   |  1- 3 |  4- 6 || total
-------------------------+-------+-------++-------
Melee: Dagger            |     6 |       ||     6
       Staff             |       |    29 ||    29
Throw: Stone             |       |     2 ||     2
 Cast: Pain              |    80 |    64 ||   144
       Vampiric Draining |     1 |     9 ||    10
       Animate Skeleton  |     1 |     2 ||     3
 Stab: Sleeping          |     2 |       ||     2
Armor: Robe              |     2 |    15 ||    17
Dodge: Dodged            |     5 |    52 ||    57

Table legend: (Time is in decaauts)
 A = Elapsed time spent in this place.
 B = Non-inter-level travel time spent in this place.
 C = Inter-level travel time spent in this place.
 D = Time resting spent in this place.
 E = Time spent auto-exploring this place.
 F = Levels seen in this place.
 G = Mean time per level.
                   A        B        C        D        E       F      G
               +--------+--------+--------+--------+--------+-----+--------+
         Total |   5729 |   5469 |    260 |    185 |   4356 |   6 |  954.8 |
       Dungeon |   5365 |   5117 |    248 |    185 |   4038 |   5 | 1073.0 |
        Temple |    363 |    351 |     12 |      0 |    318 |   1 |  363.0 |
               +--------+--------+--------+--------+--------+-----+--------+

Top non-repeatable levels by time:
     D:2: 1791 daAuts
     D:4: 1270 daAuts
     D:3: 1254 daAuts
     D:1: 1041 daAuts
  Temple: 363 daAuts
     D:5: 7 daAuts
